 Dungeon Crawl Stone Soup version 0.28-a0-631-g0446da8ef9 (webtiles) character file.

Game seed: 11027596863389240470

103 funkygono the Magician (level 4, 0/24 HPs)
             Began as a Deep Elf Fire Elementalist on Oct 9, 2021.
             Killed from afar by Natasha (6 damage)
             ... with a puff of flame
             ... on level 2 of the Dungeon.
             The game lasted 00:03:20 (1892 turns).

funkygono the Magician (Deep Elf Fire Elementalist) Turns: 1892, Time: 00:03:20

Health: 0/24       AC:  2    Str:  5    XL:     4   Next: 51%
Magic:  0/12       EV: 12    Int: 21    God:
Gold:   72         SH:  0    Dex: 15    Spells: 2/12 levels left

rFire   . . .      SeeInvis .   e - +3 dagger (speed)
rCold   . . .      Faith    .   (no shield)
rNeg    . . .      Spirit   .   a - +0 robe
rPois   .          Reflect  .   (no helmet)
rElec   .          Harm     .   (no cloak)
rCorr   .          Rampage  .   (no gloves)
Will    .....                   (no boots)
Stlth   ++........              (no amulet)
HPRegen 0.08/turn               (no ring)
MPRegen 0.13/turn               (no ring)

@: slowed, very slow
A: no striking features
a: no special abilities


You were on level 2 of the Dungeon.
You visited 1 branch of the dungeon, and saw 2 of its levels.

You collected 72 gold pieces.

Inventory:

Hand Weapons
 e - a +3 dagger of speed (weapon)
 f - a +0 short sword of venom
Missiles
 g - 21 stones
Armour
 a - a +0 robe (worn)
Scrolls
 b - a scroll of fear {unknown}
Potions
 h - a potion of haste
 i - a potion of degeneration {unknown}


   Skills:
 + Level 2.5 Dodging
 - Level 2.4 Stealth
 * Level 4.7 Spellcasting
 * Level 2.0 Conjurations
 * Level 4.5 Fire Magic


You had 2 spell levels left.
You knew the following spells:

 Your Spells              Type           Power      Damage    Failure   Level
a - Foxfire               Conj/Fire      72%        2x1d7     3%          1
b - Scorch                Fire           48%        2d7       2%          2
c - Conjure Flame         Conj/Fire      18%        6-21      9%          3
d - Flame Wave            Conj/Fire      18%        3d5       28%         4

Your spell library contained the following spells:

 Spells                   Type           Power      Damage    Failure   Level
 Inner Flame              Hex/Fire       14%        N/A       13%         3
 Summon Guardian Golem    Hex/Summ       5%         N/A       32%         3
 Orb of Destruction       Conj           6%         9d3       100%        7
 Spellforged Servitor     Conj/Summ      4%         N/A       100%        7


Dungeon Overview and Level Annotations

Branches:
Dungeon (2/15)

Altars:

Annotations:
D:2 Natasha


Message History

Confirm with . or Enter, or press ? or * to list all spells.
Flames lash the white imp.
The white imp is lightly wounded.
The white imp's fire resistance burns away.
The white imp shouts, "Flee, thou tender dizzy-eyed Cock-Lorel!"
Natasha closely misses you.
Casting: Scorch (safe; 2% risk of failure)
Confirm with . or Enter, or press ? or * to list all spells.
Okay, then.
Casting: Scorch (safe; 2% risk of failure)
Confirm with . or Enter, or press ? or * to list all spells.
Flames lash Natasha.
Natasha is burned terribly!
Natasha is severely wounded.
Natasha casts a spell at you.
You feel yourself slow down. The white imp hits you. The white imp freezes you.
Unknown command.
Natasha is no longer more vulnerable to fire.
The white imp is no longer more vulnerable to fire.
The crimson imp blinks!
Natasha drinks a potion.
Natasha is healed!
Natasha zaps a wand.
The puff of flame hits you.
* * * LOW HITPOINT WARNING * * *
Casting: Scorch (safe; 2% risk of failure)
Confirm with . or Enter, or press ? or * to list all spells.
You conjure some foxfire!
Natasha mumbles some strange words.
The white imp closely misses you.
Natasha growls.
The foxfire hits the white imp.
The white imp is burned terribly!
The white imp is heavily wounded.
The foxfire hits the white imp!
The white imp is burned terribly!
You kill the white imp!
The white imp disappears in a puff of smoke!
Natasha casts a spell at you.
You feel as though you will be slow longer.
The crimson imp blinks!
Natasha mumbles some strange words.
Casting: Foxfire (safe; 3% risk of failure)
Confirm with . or Enter, or press ? or * to list all spells.
You conjure some foxfire!
Natasha zaps a wand.
The puff of flame hits you.
You die...

#...# #.....#....##
#...#####.....#....#
+.......'.....>....##
#...#####............
#####...### ##.....#.....
..........####.#####.....
#........'........#.....
#.......v####.###.#†####
#?....###@v.# ..###+#....#
#.#.#.###h#.#.#.#........#
#.#.#.#...#...#.+........#
###...#.#K#######.#....#...#
.....§.5.5#####.....#......+
###........#.....#.#......#
.....#..5..#.....#.####...#
.### #.....#.....#.. ....
#.....+.....#### ####


You could see Natasha (ally target), a white imp (summoned) and a kobold.

Vanquished Creatures
  Jessica (D:2)
  Natasha (D:2)
  2 dart slugs (D:1)
  3 giant cockroaches (D:1)
  3 goblins (D:1)
  8 hobgoblins
  3 jackals (D:2)
  10 kobolds (D:1)
  A quokka (D:2)
  2 ball pythons (D:1)
  6 bats
  3 frilled lizards
  3 rats
46 creatures vanquished.

Vanquished Creatures (others)
  127 foxfires
127 creatures vanquished.

Grand Total: 173 creatures vanquished

Notes
Turn   | Place    | Note
-------+----------+-------------------------------------------
     0 | D:1      | funkygono the Deep Elf Fire Elementalist began the quest
                  | for the Orb.
     0 | D:1      | Reached XP level 1. HP: 10/10 MP: 6/6
   324 | D:1      | Reached XP level 2. HP: 15/15 MP: 4/8
   547 | D:1      | Learned a level 2 spell: Scorch
   776 | D:1      | Reached XP level 3. HP: 19/19 MP: 2/10
   783 | D:1      | Learned a level 3 spell: Conjure Flame
  1597 | D:2      | Noticed Jessica
  1629 | D:2      | Killed Jessica
  1630 | D:2      | Reached XP level 4. HP: 24/24 MP: 8/12
  1666 | D:2      | Learned a level 4 spell: Flame Wave
  1753 | D:2      | Noticed Natasha
  1760 | D:2      | Killed Natasha
  1874 | D:2      | Noticed Natasha
  1892 | D:2      | Killed from afar by Natasha

Illustrated notes

Levels and vault maps discovered:
D:1:      eino_arrival_water_star, layout_loops_cross, hex_medium,
          minmay_heptomino_d4
D:2:      layout_basic, uniq_natasha, uniq_jessica

Skill      XL: |  1  2  3 |
---------------+----------+-----
Fire Magic     | 4 |  4.5
Spellcasting   | 4 |  4.7
Conjurations   | 2 |  2.0
Dodging        | |  2.5
Stealth        | |  2.4

Action                   |  1- 3 |  4- 6 || total
-------------------------+-------+-------++-------
Melee: Dagger            |       |     1 ||     1
 Cast: Foxfire           |    70 |    12 ||    82
       Scorch            |    10 |     5 ||    15
  Use: Scroll            |     5 |       ||     5
Armor: Robe              |     1 |       ||     1
Dodge: Dodged            |     7 |     3 ||    10

Table legend: (Time is in decaauts)
 A = Elapsed time spent in this place.
 B = Non-inter-level travel time spent in this place.
 C = Inter-level travel time spent in this place.
 D = Time resting spent in this place.
 E = Time spent auto-exploring this place.
 F = Levels seen in this place.
 G = Mean time per level.
                   A        B        C        D        E       F      G
               +--------+--------+--------+--------+--------+-----+--------+
         Total |   1894 |   1878 |     16 |     46 |   1516 |   2 |  947.0 |
       Dungeon |   1894 |   1878 |     16 |     46 |   1516 |   2 |  947.0 |
               +--------+--------+--------+--------+--------+-----+--------+

Top non-repeatable levels by time:
     D:1: 1252 daAuts
     D:2: 642 daAuts
